 Dungeon Crawl Stone Soup version 0.29-a0-380-gf50f0a9fbc (webtiles) character file.

Game seed: 1075386327533922304

377 bastard the Conjurer (level 6, -2/32 HPs)
             Began as a Tengu Fire Elementalist on May 6, 2022.
             Slain by Sigmund
             ... wielding a +2 vampiric scythe
              (7 damage)
             ... on level 4 of the Dungeon.
             The game lasted 00:08:50 (4546 turns).

bastard the Conjurer (Tengu Fire Elementalist)      Turns: 4546, Time: 00:08:51

Health: -2/32      AC:  6    Str: 15    XL:     6   Next: 73%
Magic:  3/10       EV: 14    Int: 19    God:
Gold:   178        SH:  0    Dex: 14    Spells: 2/9 levels left

rFire   . . .      SeeInvis .   (no weapon)
rCold   . . .      Faith    .   (no shield)
rNeg    . . .      Spirit   .   a - +0 robe
rPois   +          Reflect  .   (helmet restricted)
rElec   .          Harm     .   f - +1 cloak
rCorr   .          Rampage  .   j - +1 pair of gloves
Will    .....                   (boots unavailable)
Stlth   ++........              (no amulet)
HPRegen 0.10/turn               h - +6 ring of strength
MPRegen 0.12/turn               (no ring)

@: flying quickly and evasively, quick
A: beak, talons 3, nimble flight, clever 1, poison resistance
a: no special abilities


You were on level 4 of the Dungeon.
You visited 1 branch of the dungeon, and saw 4 of its levels.

You collected 178 gold pieces.

Inventory:

Armour
 a - a +0 robe (worn)
 f - a +1 cloak (worn)
 j - a +1 pair of gloves (worn)
Jewellery
 h - a +6 ring of strength (left hand)
Wands
 i - a wand of charming (6)
Scrolls
 d - a scroll of fog
 e - a scroll of identify
 g - 2 scrolls of blinking
Potions
 b - 2 potions of magic


   Skills:
 - Level 2.1 Dodging
 - Level 2.0 Stealth
 - Level 2.0 Spellcasting
 + Level 6.2 Conjurations
 + Level 6.1 Fire Magic


You had 2 spell levels left.
You knew the following spells:

 Your Spells              Type           Power      Damage    Failure   Level
a - Foxfire               Conj/Fire      100%       2x1d9     1%          1
b - Scorch                Fire           50%        2d8       1%          2
c - Flame Wave            Conj/Fire      25%        2d7       13%         4

Your spell library contained the following spells:

 Spells                   Type           Power      Damage    Failure   Level
 Magic Dart               Conj           100%       1d8       1%          1
 Searing Ray              Conj           50%        2d6       1%          2
 Corpse Rot               Necr/Air       2%         N/A       26%         2
 Conjure Flame            Conj/Fire      25%        6-21      4%          3
 Inner Flame              Hex/Fire       13%        N/A       14%         3
 Fulminant Prism          Conj/Hex       6%         3d7       43%         4
 Gell's Gravitas          Tloc           1%         N/A       45%         3
 Lesser Beckoning         Tloc           1%         N/A       45%         3
 Teleport Other           Tloc           1%         N/A       45%         3
 Dispel Undead            Necr           1%         3d6       86%         4
 Death Channel            Necr           0%         N/A       100%        6


Dungeon Overview and Level Annotations

Branches:
Dungeon (4/15)
 Temple: D:4-7

Altars:
Qazlal

Annotations:
D:4 Sigmund


Innate Abilities, Weirdness & Mutations

You have a beak for a mouth.
You have claws for feet.
Your magical nature lets you fly swiftly and evasively.
Your mind is acute. (Int +2)
Your system is resistant to poisons. (rPois)


Message History

e - 2 scrolls of identify Your foxfire dissipates!
As you read the scroll of identify, it crumbles to dust.
c - a potion of degeneration You drop a potion of degeneration.
A magic dart appears from out of thin air!
The magic dart hits you.
You are confused.
You bump into the rock wall.
You bump into the rock wall.
You bump into the rock wall.
You bump into the rock wall.
You feel less confused.
A magic dart appears from out of thin air!
The magic dart hits you!
Casting: Foxfire (safe; 1% risk of failure)
Confirm with . or Enter, or press ? or * to list all spells.
You can't see any susceptible monsters within range! (Use Z to cast anyway.)
Casting: Foxfire (safe; 1% risk of failure)
Confirm with . or Enter, or press ? or * to list all spells.
You don't know that spell.
Casting: Foxfire (safe; 1% risk of failure)
Confirm with . or Enter, or press ? or * to list all spells.
The spell is quite dangerous to miscast (13% risk of failure)!
Continue anyway?
Casting: Flame Wave (quite dangerous; 13% risk of failure)
Press: ? - help, Dir - look around, f - activate A wave of flame ripples out! (Press . to intensify the flame waves.)
You hear some strange, mumbled words.
A puff of flame appears from out of thin air!
The puff of flame hits you!
A wave of flame ripples out!
The flame wave engulfs something!
Something hits you!
* * * LOW HITPOINT WARNING * * *
Unknown command.
A wave of flame ripples out!
The flame wave engulfs something!
You finish channelling waves of flame.
A goblin comes into view. It is wielding a +0 club.
Something hits you!
You die...

............. #... ...g........
#... #........... ##...
##..........# ##... ##.........#
##... ##..!......## #...#
##...##....##
##...####.{#####...# ..
##....##.@.## #...# #..
##.)..†....## ##..# ##..
#.........## #..#
...####.........## #..#
#..##............## ##..######
................#.# #.........
.................## ##.........
............[.....#####....######
..........................##


You could see a goblin.

Vanquished Creatures
  A sky beast (D:3)
  A jelly (D:4)
  An iguana (D:4)
  9 adders
  4 gnolls (D:3)
  3 worms
  A dart slug (D:2)
  An orc (D:4)
  6 bats
  12 endoplasms
  2 giant cockroaches
  4 goblins
  12 hobgoblins
  2 jackals (D:4)
  6 quokkas
  7 ball pythons
  6 frilled lizards
  16 kobolds
  8 rats
  A spectral hobgoblin (D:3)
103 creatures vanquished.

Vanquished Creatures (others)
  323 foxfires
323 creatures vanquished.

Grand Total: 426 creatures vanquished

Notes
Turn   | Place    | Note
-------+----------+-------------------------------------------
     0 | D:1      | bastard the Tengu Fire Elementalist began the quest for the
                  | Orb.
     0 | D:1      | Reached XP level 1. HP: 10/10 MP: 4/4
   240 | D:1      | Reached XP level 2. HP: 3/15 MP: 0/6
   478 | D:1      | Learned a level 2 spell: Scorch
   892 | D:1      | Reached XP level 3. HP: 16/19 MP: 1/7
  1433 | D:2      | Reached XP level 4. HP: 24/24 MP: 0/8
  2026 | D:2      | Learned a level 4 spell: Flame Wave
  2063 | D:3      | Found a stormy altar of Qazlal.
  2112 | D:3      | Gained mutation: You have hidden genetic potential. [potion
                  | of mutation]
  2115 | D:3      | Gained mutation: Your magical nature lets you fly swiftly
                  | and evasively. [Tengu growth]
  2115 | D:3      | Reached XP level 5. HP: 7/28 MP: 5/9
  2440 | D:3      | Found a faded altar of an unknown god.
  2569 | D:3      | Reached skill level 5 in Fire Magic
  2855 | D:3      | Gained mutation: Your system is resistant to poisons.
                  | (rPois) [hidden potential]
  2975 | D:3      | Reached skill level 5 in Conjurations
  3037 | D:3      | Noticed a sky beast
  3063 | D:3      | Killed a sky beast
  3064 | D:3      | Reached XP level 6. HP: 24/32 MP: 1/10
  3064 | D:3      | Gained mutation: Your mind is acute. (Int +2) [hidden
                  | potential]
  3064 | D:3      | Lost mutation: You have hidden genetic potential. [hidden
                  | potential expressed]
  4523 | D:4      | Noticed Sigmund
  4546 | D:4      | Slain by Sigmund

Illustrated notes

Levels and vault maps discovered:
D:1:      dpeg_arrival_erosion, layout_rooms,
          hangedman_abyss_or_decor_lesser_grid
D:2:      layout_rooms
D:3:      layout_basic, grunt_qazlal_clouds,
          dreamdust_ecumenical_altar_drowned_temple, corexii_hall_statues_t,
          minmay_divided_ellipse
D:4:      minmay_door_path, layout_layer_cave, gammafunk_temple_overflow_statue,
          uniq_sigmund

Skill      XL: |  1  2  3  4  5  6 |
---------------+-------------------+-----
Conjurations   | 2 3 4 5 6 |  6.2
Fire Magic     | 4 5 6 |  6.1
Dodging        | |  2.1
Stealth        | |  2.0
Spellcasting   | |  2.0

Action                   |  1- 3 |  4- 6 || total
-------------------------+-------+-------++-------
Melee: Unarmed           |    16 |       ||    16
       Kick              |     4 |       ||     4
       Peck              |     2 |       ||     2
 Cast: Foxfire           |    61 |   134 ||   195
       Scorch            |       |     3 ||     3
       Flame Wave        |       |     1 ||     1
  Use: Scroll            |     2 |     9 ||    11
       Potion            |       |     2 ||     2
 Stab: Sleeping          |     1 |       ||     1
Armor: Robe              |     7 |     8 ||    15
Dodge: Dodged            |    24 |    25 ||    49

Table legend: (Time is in decaauts)
 A = Elapsed time spent in this place.
 B = Non-inter-level travel time spent in this place.
 C = Inter-level travel time spent in this place.
 D = Time resting spent in this place.
 E = Time spent auto-exploring this place.
 F = Levels seen in this place.
 G = Mean time per level.
                   A        B        C        D        E       F      G
               +--------+--------+--------+--------+--------+-----+--------+
         Total |   4432 |   4349 |     83 |      0 |   3605 |   4 | 1108.0 |
       Dungeon |   4432 |   4349 |     83 |      0 |   3605 |   4 | 1108.0 |
               +--------+--------+--------+--------+--------+-----+--------+

Top non-repeatable levels by time:
     D:3: 1618 daAuts
     D:1: 1200 daAuts
     D:2: 833 daAuts
     D:4: 780 daAuts
